 Dungeon Crawl Stone Soup version 0.18-b1-14-g029dad2 (webtiles) character file.

8731 Alarkh the Grappler (level 11, -20/95 HPs)
             Began as a Black Draconian Transmuter on Apr 30, 2016.
             Was an Elder of Okawaru.
             Demolished by a komodo dragon (31 damage)
             ... on level 1 of the Lair of Beasts.
             The game lasted 00:19:50 (10472 turns).

Alarkh the Grappler (Black Draconian Transmuter)   Turns: 10472, Time: 00:19:51

Health: -20/95     AC: 11    Str: 14    XL:     11   Next: 13%
Magic:  10/14      EV: 15    Int: 16    God:    Okawaru [****..]
Gold:   763        SH:  0    Dex: 11    Spells: 3 memorised, 6 levels left

rFire  . . .     SeeInvis .       - Unarmed
rCold  + . .     Gourm    .     (armour unavailable)
rNeg   . . .     Faith    .     (no shield)
rPois  .         Spirit   .     (helmet restricted)
rElec  +         Dismiss  .     d - +1 cloak
rCorr  .         Reflect  .     p - +0 pair of gloves
SustAt .         Harm     .     o - +0 pair of boots
MR     .....                    (no amulet)
Stlth  +.........               i - ring of protection from fire
                                h - ring of ice

@: about to teleport, very slightly contaminated, not resistant to hostile
enchantments, very unstealthy
A: breathe lightning, unfitting armour, electricity resistance, cold-blooded, AC
+7
a: Breathe Lightning, Heroism, Renounce Religion


You were on level 1 of the Lair of Beasts.
You worshipped Okawaru.
Okawaru was greatly pleased with you.
You were very hungry.

You visited 3 branches of the dungeon, and saw 12 of its levels.
You also visited: Sewer.

You collected 808 gold pieces.
You spent 45 gold pieces at shops.

Inventory:

Missiles
 q - a throwing net (quivered)
Armour
 d - a +1 cloak (worn)
 o - a +0 pair of boots (worn)
 p - a +0 pair of gloves (worn)
Magical Staves
 N - an uncursed staff of cold {unknown}
Jewellery
 h - a ring of ice (left hand)
 i - a ring of protection from fire (right hand)
 k - an uncursed ring of positive energy
 x - an uncursed ring of fire
 K - an uncursed ring of teleportation
 L - an uncursed amulet of dismissal
Wands
 j - a wand of lightning (7/15)
 m - a wand of flame (25/48)
Scrolls
 a - a scroll of remove curse
 g - 4 scrolls of amnesia
 l - a scroll of teleportation
 u - 2 scrolls of enchant armour
 w - 2 scrolls of magic mapping
 y - 3 scrolls of enchant weapon
 A - 2 scrolls of fog
 F - a scroll of fear {unknown}
 M - a scroll of vulnerability {unknown}
 O - a scroll of immolation {unknown}
Potions
 e - 4 potions of flight
 f - 3 potions of magic
 n - a potion of haste
 s - a potion of brilliance
 t - a potion of ambrosia {unknown}
 B - a potion of mutation {unknown}
 I - 2 potions of curing
 J - a potion of resistance {unknown}
Books
 b - a book of Changes

   Spells                             Type                      Level
   a - Beastly Appendage              Transmutation                1
   b - Sticks to Snakes               Transmutation                2
   c - Spider Form                    Transmutation/Poison         3
   d - Ice Form                       Ice/Transmutation            4
   e - Blade Hands                    Transmutation                5
 C - a book of Dreams

   Spells                             Type                      Level
   a - Ensorcelled Hibernation        Hexes/Ice                    2
   b - Silence                        Hexes/Air                    5
   c - Darkness                       Hexes                        6
   d - Shadow Creatures               Summoning                    6
Comestibles
 c - 6 bread rations
 r - 3 meat rations
 z - 2 beef jerkies
 H - 3 slices of pizza


   Skills:
 + Level 8.6 Fighting
 + Level 7.4 Dodging
 * Level 13.3 Unarmed Combat
 - Level 2.0 Spellcasting
 - Level 2.0 Transmutations


You had 6 spell levels left.
You knew the following spells:

 Your Spells              Type           Power        Failure   Level  Hunger
a - Beastly Appendage     Trmt           #.....       10%         1    #......
b - Spider Form           Trmt/Pois      #.........   38%         3    ###....
c - Ice Form              Ice/Trmt       #.......     96%         4    #####..


Dungeon Overview and Level Annotations

Branches:
Dungeon (10/15)            Temple (1/1) D:6            Lair (1/8) D:10
    Orc: D:9-12

Altars:
Ashenzari
Cheibriados
Dithmenos
Elyvilon
Fedhas
Gozag
Kikubaaqudgha
Makhleb
Nemelex Xobeh
Okawaru
Pakellas
Qazlal
Ru
Sif Muna
Trog
Vehumet
Xom
Yredelemnul
Zin
The Shining One

Shops:
D:4 ?   D:9 (


Innate Abilities, Weirdness & Mutations

You can breathe wild blasts of lightning.
Your glossy black scales are hard (AC +7).
Your body does not fit into most forms of armour.
You are resistant to electric shocks.
You are cold-blooded and may be slowed by cold attacks.


Message History

The yak is moderately wounded.
You hit the yak but do no damage.
The yak is moderately wounded.
The yak gores you.
Eat which item? (? for menu, Esc to quit)
Okay, then.
Read which item? (? for menu, Esc to quit)
As you read the scroll of teleportation, it crumbles to dust.
You feel strangely unstable. The yak gores you but does no damage.
Drink which item? (? for menu, Esc to quit)
Okay, then.
Eat which item? (? for menu, Esc to quit)
Okay, then.
You butcher the yak corpse.
The yak gores you. The komodo dragon bites you!!
* * * LOW HITPOINT WARNING * * *
Eat one of 5 chunks of flesh? (ye/n/q/i?) This raw flesh tastes terrible.
You are feeling very hungry.
The yak gores you but does no damage. The komodo dragon bites you!!
You die...

.............
......................
###..................
#.......... .......
#........ .....
#....... ... #.....Y#
#.# ###...Y.# #l# .
#.......## #@# ...
.........#######Y#.....
.............Y..Y.#
.......................
.##.###P##.###########.
##### ######


You could see a komodo dragon and 2 yaks.

Vanquished Creatures
  Erolcha (D:9)
  Erica (D:8)
  The ghost of doot the Tainter, a novice NaVM of Cheibriados (D:6)
  Pikel (D:5)
  An ugly thing (D:9)
  Psyche (D:10)
  A komodo dragon (Lair:1)
  2 trolls (D:10)
  Sigmund (D:4)
  A wyvern (D:5)
  4 yaks (Lair:1)
  A hippogriff (Lair:1)
  A porcupine (Lair:1)
  2 ice beasts (D:6)
  A sky beast (D:6)
  2 slaves (D:5)
  3 orc warriors
  A phantom (D:9)
  A black bear (D:7)
  4 ogres
  5 centaurs
  2 crocodiles
  Blork the orc (D:4)
  A big kobold (D:6)
  5 giant frogs
  A wyvern skeleton (D:6)
  2 scorpions (D:6)
  6 killer bees (D:8)
  A water moccasin skeleton (D:8)
  3 wights (D:6)
  3 crimson imps
  A centaur skeleton (D:5)
  3 hounds
  A giant frog skeleton (D:10)
  3 orc priests
  3 jellies
  5 orc wizards
  2 iguanas
  Natasha (thrice) (D:3)
  5 worker ants
  A hound zombie (D:6)
  A hound skeleton (D:7)
  A howler monkey zombie (D:8)
  A worker ant zombie (D:7)
  7 adders
  3 gnolls (D:3)
  18 river rats (Lair:1)
  2 shadow imps
  4 oozes (Sewer)
  An adder skeleton (D:6)
  6 worms
  2 dart slugs (D:1)
  10 giant geckos
  19 orcs
  14 giant cockroaches
  6 goblins
  7 hobgoblins
  19 jackals
  A quokka (D:8)
  6 ball pythons
  13 bats
  6 giant newts
  A jackal skeleton (D:6)
  12 kobolds
  7 rats
255 creatures vanquished.

Vanquished Creatures (others)
  An ogre (D:5)
  A slave (D:5)
2 creatures vanquished.

Grand Total: 257 creatures vanquished

Notes
Turn   | Place    | Note
--------------------------------------------------------------
     0 | D:1      | Alarkh the Draconian Transmuter began the quest for the Orb.
     0 | D:1      | Reached XP level 1. HP: 16/16 MP: 3/3
    54 | D:1      | Found a glowing golden altar of the Shining One.
   153 | D:1      | Reached XP level 2. HP: 19/23 MP: 3/5
   407 | D:1      | Reached skill level 4 in Unarmed Combat
   458 | D:1      | Reached XP level 3. HP: 23/28 MP: 6/6
  1348 | D:2      | Reached XP level 4. HP: 25/35 MP: 7/7
  1708 | D:3      | Reached skill level 5 in Unarmed Combat
  1769 | D:3      | Noticed an orc warrior
  1833 | D:2      | Learned a level 3 spell: Spider Form
  2002 | D:3      | Noticed Natasha
  2014 | D:3      | Killed Natasha
  2096 | D:3      | Found a glowing drain.
  2154 | Sewer    | Entered a sewer
  2347 | Sewer    | Reached XP level 5. HP: 38/40 MP: 8/8
  2382 | Sewer    | Reached skill level 6 in Unarmed Combat
  3022 | D:3      | Noticed Natasha
  3033 | D:3      | Killed Natasha
  3059 | D:3      | Noticed Natasha
  3067 | D:2      | Killed an orc warrior
  3067 | D:2      | Reached XP level 6. HP: 46/47 MP: 3/9
  3200 | D:3      | Reached skill level 7 in Unarmed Combat
  3205 | D:3      | Killed Natasha
  3560 | D:4      | Noticed Sigmund
  3577 | D:4      | Killed Sigmund
  3577 | D:4      | Reached skill level 8 in Unarmed Combat
  3577 | D:4      | Your scales start taking on a glossy black colour.
  3577 | D:4      | Reached XP level 7. HP: 48/52 MP: 4/10
  3577 | D:4      | Gained mutation: You are resistant to electric shocks. [Black Draconian growth]
  3634 | D:4      | Noticed Blork the orc
  3662 | D:4      | Killed Blork the orc
  3776 | D:4      | Found Neipiani's Magic Scroll Emporium.
  3785 | D:4      | Bought a scroll of magic mapping for 45 gold pieces
  4234 | D:5      | Entered Level 5 of the Dungeon
  4240 | D:5      | Learned a level 4 spell: Ice Form
  4269 | D:5      | Noticed Pikel
  4282 | D:5      | Killed Pikel
  4282 | D:5      | Reached skill level 9 in Unarmed Combat
  4282 | D:5      | Reached XP level 8. HP: 40/63 MP: 8/11
  4824 | D:5      | Reached skill level 10 in Unarmed Combat
  5153 | D:6      | Noticed doot's ghost (novice NaVM)
  5470 | D:6      | Found a staircase to the Ecumenical Temple.
  5504 | Temple   | Entered the Ecumenical Temple
  5507 | Temple   | HP: 5/100 [worker ant (4)]
  5512 | Temple   | HP: 2/100 [poisoned by a kobold]
  5566 | Temple   | Became a worshipper of Warmaster Okawaru
  5683 | D:6      | Reached skill level 5 in Fighting
  5683 | D:6      | Reached XP level 9. HP: 21/74 MP: 6/12
  6139 | D:6      | Reached * piety under Okawaru
  6139 | D:6      | Reached skill level 5 in Dodging
  6225 | D:6      | Found a shadowy altar of Dithmenos.
  6282 | D:6      | Killed doot's ghost
  6282 | D:6      | Reached skill level 11 in Unarmed Combat
  7047 | D:7      | Found a snail-covered altar of Cheibriados.
  7047 | D:7      | Found a basalt altar of Yredelemnul.
  7047 | D:7      | Found a deep blue altar of Sif Muna.
  7048 | D:7      | Found a shimmering altar of Xom.
  7052 | D:7      | Found a blossoming altar of Fedhas.
  7284 | D:7      | Found a stormy altar of Qazlal.
  7399 | D:8      | Found a shattered altar of Ashenzari.
  7422 | D:8      | Reached ** piety under Okawaru
  7433 | D:8      | Reached XP level 10. HP: 67/84 MP: 13/13
  7585 | D:8      | Noticed Erica
  7599 | D:8      | Killed Erica
  7599 | D:8      | Reached skill level 12 in Unarmed Combat
  8610 | D:9      | Noticed Erolcha
  8632 | D:9      | Killed Erolcha
  8632 | D:9      | Reached *** piety under Okawaru
  8653 | D:9      | Noticed a green ugly thing
  8662 | D:9      | Killed a green ugly thing
  8793 | D:9      | Found Feppibro's Antique Weapon Boutique.
  9131 | D:10     | Entered Level 10 of the Dungeon
  9131 | D:10     | Found a staircase to the Lair.
  9317 | D:10     | Noticed Psyche
  9328 | D:10     | Killed Psyche
  9643 | D:9      | Reached skill level 13 in Unarmed Combat
  9671 | Lair:1   | Entered Level 1 of the Lair of Beasts
  9690 | Lair:1   | Reached XP level 11. HP: 47/95 MP: 12/14
 10438 | Lair:1   | Reached **** piety under Okawaru
 10472 | Lair:1   | Demolished by a komodo dragon

Skill      XL: |  1  2  3  4  5  6  7  8  9 10 |
---------------+-------------------------------+-----
Unarmed Combat | 4 5 6 8 9 10 11 13 | 13.3
Dodging        | 3 4 5 7 |  7.4
Fighting       | 3 5 6 8 |  8.6
Spellcasting   | |  2.0
Transmutations | |  2.0

Action                   |  1- 3 |  4- 6 |  7- 9 | 10-12 || total
-------------------------+-------+-------+-------+-------++-------
Melee: Unarmed           |   141 |   188 |   326 |   239 ||   894
       Tailslap          |    16 |    10 |    25 |     8 ||    59
       Kick              |    20 |     1 |       |       ||    21
       Punch             |       |     4 |     8 |     8 ||    20
       Headbutt          |       |     1 |     4 |     2 ||     7
 Cast: Beastly Appendage |    19 |     6 |     6 |     5 ||    36
       Spider Form       |       |    11 |    15 |     9 ||    35
       Ice Form          |       |       |       |     1 ||     1
 Abil: Breathe Lightning |       |       |     4 |     7 ||    11
  Use: Scroll            |       |     9 |     2 |     7 ||    18
       Potion            |       |     2 |     9 |     3 ||    14
 Stab: Sleeping          |     2 |     1 |     1 |       ||     4
       Distracted        |     1 |       |       |       ||     1
       Invisible         |       |       |     1 |       ||     1
  Eat: Chunk             |     2 |    10 |    16 |    12 ||    40
       Pizza             |       |       |     1 |       ||     1
       Fruit             |       |       |       |     1 ||     1
Armor: Skin              |    60 |    96 |    78 |    58 ||   292
Dodge: Dodged            |    70 |   177 |   256 |   188 ||   691
